Description

A strong PvP opener starting as standard two gate adept followed up with a fast proxy robo. The immortal comes out around 3:20, supported by two stalers, ready to smash your opponent.

The build is guided by a clear VOD of the captain himself and you can read a recap of his wise words at the ''Analysis'' part below the Build Order.

Harstem notes the following below his explanation of the build: ''This build is stupid good. If you play this and lose there is something wrong with you, not with the build.''

VOD

https://www.youtube.com/watch?v=8P0oDCZtfOc&t=164s

Build Order

Get SALT Encoding   

  14  0:18  Pylon  
  15  0:37  Gateway  
  16  0:49  Assimilator  
  17  0:56  Assimilator  
  19  1:08  Gateway  
  20  1:25  Cybernetics Core  
  22  1:41  Pylon  
  23  2:01  Adept x2  
  26  2:04  Robotics Facility  
  26  2:07  Warp Gate  
  27  2:10  Pylon  
  27  2:31  Stalker x2  
  31  2:41  Immortal (Chrono Boost)  
  35  3:00  Pylon  
  35  3:02  Stalker  
  35  3:06  Stalker  
  39  3:20  Warp Prism (Chrono Boost)  
  41  3:27  Pylon  
  41  3:46  Immortal  
  45  3:54  Sentry x2  
Spawning Tool Build Advisor. Get it on Overwolf

Analysis

We open with the standard 14-pylon, 16-gate, dubble gass, 19-gate as you can see in the build order.

You chrono the nexus twice for a fast saturated main, make sure you alwais have 16 probes at minerals.

Rally the probes into the gass and to the building locations, you dont want to pull any probes out of the mineral line.

Sent the scout out after second gass or second gate, depending on where you want to proxy the robo.

The second pylon will be the proxy, and you want to put it down before the cybercore is half way finished (18 seconds) so the pylon and cybercore finish at the same time and we can put down the robo immediately.

You stay on 23 probes; 16 on minerals, 6 on gass and a scout. After you put the proxy robo down you can scout with the probe, we dont need it anymore so its fine if you lose it while scouting the enemy base.

You scout for a fast stargate and count the amount of pylons we see, so you know if the opponent also put a proxy down.

When the robo finishes you chrono out the immortal.

With this build you should have 6 units bevore warpgate is finished and hit the opponents natural at 3:30.

At the backside of this you chrono the warpprim that will join our pressure, as will the two stalkers that walk across the map.

After that you continue the immortal production, warp in sentries, get an observer if you didnt scout an robo from the opponent and go from there!

Go to:

Details

  • Created by: Dialan7
  • Published on: May 28, 2019
  • Modified on: May 28, 2019
  • Patch: 4.7.1
Show
View Real Time Build Order
Export as new Build Order

Comments (0)

There are no comments. Be the first!

Create an account to comment!